 Dungeon Crawl Stone Soup version 0.29.1-13-g9f3cf754e1 (webtiles) character file.

Game seed: 15212526412838257556

25 Exodus22XD the Shield-Bearer (level 2, 27/27 HPs)
             Began as a Minotaur Fighter on Feb 5, 2023.
             Was a High Priest of Ignis.
             Quit the game on level 1 of the Dungeon.
             The game lasted 00:00:33 (1059 turns).

Exodus22XD the Shield-Bearer (Minotaur Fighter)     Turns: 1059, Time: 00:00:33

Health: 27/27      AC:  7    Str: 20    XL:     2   Next: 82%
Magic:  1/1        EV:  9    Int:  5    God:    Ignis [*****.]
Gold:   68         SH:  4    Dex:  9    Spells: 1/1 levels left

rFire   + . .      SeeInvis .   a - +0 war axe
rCold   . . .      Faith    .   c - +0 buckler
rNeg    . . .      Spirit   .   b - +0 scale mail
rPois   .          Reflect  .   (helmet restricted)
rElec   .          Harm     .   (no cloak)
rCorr   .          Rampage  .   (no gloves)
Will    .....                   (no boots)
Stlth   ..........              (no amulet)
HPRegen 0.09/turn               (no ring)
MPRegen 0.07/turn               (no ring)

@: no status effects
A: horns 2, retaliatory headbutt
a: Renounce Religion, Fiery Armour, Foxfire Swarm, Rising Flame


You were on level 1 of the Dungeon.
You worshipped Ignis.
Ignis was extremely pleased with you.
You visited 1 branch of the dungeon, and saw 1 of its levels.

You collected 68 gold pieces.

Inventory:

Hand Weapons
 a - a +0 war axe (weapon)
Armour
 b - a +0 scale mail (worn)
 c - a +0 buckler (worn)
Scrolls
 f - a scroll of noise {unknown}
Potions
 d - a potion of might
 e - a potion of magic {unknown}
 g - a potion of degeneration {unknown}
 h - a potion of curing {unknown}


   Skills:
 + Level 4.0 Fighting
 + Level 2.7 Axes
 + Level 4.0 Armour
 + Level 4.1 Shields


You had one spell level left.
You didn't know any spells.
Your spell library was empty.

Dungeon Overview and Level Annotations

Branches:
Dungeon (1/15)

Altars:
Ignis


Innate Abilities, Weirdness & Mutations

You have a pair of horns on your head.
You reflexively headbutt those who attack you in melee.


Message History

There is an open door here.
There is an open door here.
You open the door.
Found a faded altar of an unknown god.
There is an open door here.
No target in view!
You now have 68 gold pieces (gained 4).
You open the door.
There is an open door here.
There is an open door here.
Key pressed, stopping explore.
No target in view!
You open the door.
A ball python comes into view.
The ball python hisses angrily.
The ball python bites you but does no damage.
The ball python grabs you. The ball python constricts you.
The ball python barely misses you. The ball python constricts you.
A ball python is nearby!
You closely miss the ball python. Your headbutt misses the ball python.
The ball python bites you but does no damage.
The ball python constricts you.
You barely miss the ball python. The ball python bites you.
The ball python constricts you.
The ball python bites you but does no damage.
The ball python constricts you.
You barely miss the ball python. The ball python bites you.
The ball python constricts you.
A ball python is nearby!
You slash the ball python!
You kill the ball python!
No target in view!
Search for what [? for help]? al
There is an open door here.
There is a faded altar of an unknown god here.
There are no items here.
You cannot tell which god this altar belongs to.
Convert to them anyway?
Ignis accepts your prayer! Ignis welcomes you!
Are you sure you want to abandon this character and quit the game? (Confirm with "yes".)

..#####...#### #....# ##..
.######......# ####.# ##.
.....###.###.##########.#########
####.# #.........................
####.# #######.########.#..######
..##.# #888#..#.#..# #.#..######
..##.# #...#..#.'..# #.......##.
..##.# ##'##..#.#..# ###..##.#..
..##.# #......#@#..# #..##.##.
.....####...#..###..#####........
........#####......##.....###.###
...####.#..8#...###..###### #....
#### #.#..#####.....# ##### #
#..............# #
##################..## # .....#
#..# # ####(# ##.########## #


There were no monsters in sight!

Vanquished Creatures
  2 bats (D:1)
  2 endoplasms (D:1)
  3 goblins (D:1)
  A hobgoblin (D:1)
  3 jackals (D:1)
  2 kobolds (D:1)
  2 quokkas (D:1)
  3 ball pythons (D:1)
  2 frilled lizards (D:1)
  A rat (D:1)
21 creatures vanquished.

Notes
Turn   | Place    | Note
-------+----------+-------------------------------------------
     0 | D:1      | Exodus22XD the Minotaur Fighter began the quest for the
                  | Orb.
     0 | D:1      | Reached XP level 1. HP: 19/19 MP: 0/0
   205 | D:1      | Reached XP level 2. HP: 27/27 MP: 1/1
   863 | D:1      | Found a faded altar of an unknown god.
  1058 | D:1      | Prayed at the altar of an unknown god.
  1058 | D:1      | Became a worshipper of Ignis, the Dying Flame
  1059 | D:1      | Quit the game

Illustrated notes

Levels and vault maps discovered:
D:1:      onia_arrival_mini_maze_b, layout_loops_corners,
          shapermc_ecumenical_altar_mp_vishouse

Skill      XL: |  1  2 |
---------------+-------+-----
Shields        | 4 |  4.1
Armour         | 4 |  4.0
Fighting       | 4 |  4.0
Axes           | |  2.7

Action                   || total
-------------------------++-------
Melee: War axe           ||    51
       Headbutt          ||     3
Armor: Scale mail        ||    30
Dodge: Dodged            ||    24
Block: Buckler           ||     8
